 Dungeon Crawl Stone Soup version 0.30.0-5-g1a98f26d00 (webtiles) character file.

Game seed: 16968970658459090546

183148 Jarnaxa the Peltast (level 17, -8/167 HPs)
             Began as a Troll Fighter on May 8, 2023.
             Was the Champion of Qazlal.
             Killed by divine providence
             ... invoked by a deep elf high priest
              (13 damage)
             ... on level 3 of the Elven Halls.
             The game lasted 01:51:33 (24627 turns).

Jarnaxa the Peltast (Troll Fighter)                Turns: 24627, Time: 01:51:33

Health: -8/167     AC: 14    Str: 32      XL:     17   Next: 73%
Magic:  23/23      EV: 23    Int:  0 (4)  God:    Qazlal [******]
Gold:   2367       SH: 33    Dex: 11      Spells: 16/16 levels left

rFire   + + +        o - +2 flail (heavy)
rCold   + + .        U - +1 tower shield {rC+}
rNeg    . . .        K - +3 acid dragon scales
rPois   +            n - +0 hat "Boipsuf" {Contam Drain rF+++ rC+}
rElec   .            z - scarf {repulsion}
rCorr   +            (gloves unavailable)
SInv    .            (boots unavailable)
Will    +++..        J - amulet of reflection
Stlth   +            D - ring "Ythripsue" {+Blink rPois Will+ EV+5 Stlth+}
HPRegen 1.27/turn    c - ring "Wulagaas" {rPois rF+++ EV+5 Dex-2 Stlth+}
MPRegen 0.18/turn

%: repel missiles, reflection
@: silenced (expiring), protected from physical damage, hasted and slowed, lost
intelligence, studying Ranged Weapons, unable to read
A: large, unfitting armour, claws 3, regeneration 1, shaggy fur 1, tough skin 1,
thin skeletal structure 1, strong-willed 1, sense surroundings 1
a: Renounce Religion, Evoke Blink


You were on level 3 of the Elven Halls.
You worshipped Qazlal.
Qazlal was exalted by your worship.
You visited 5 branches of the dungeon, and saw 26 of its levels.
You also visited: Gauntlet and Ice Cave.

You collected 3579 gold pieces.
You spent 1212 gold pieces at shops.

Inventory:

Hand Weapons
 o - a +2 heavy flail (weapon)
 E - a +2 demon whip of venom
Missiles
 v - 2 silver javelins
 N - 4 javelins (quivered)
Armour
 n - the +0 hat "Boipsuf" (worn) {Contam Drain rF+++ rC+}
   (You acquired it on level 2 of the Orcish Mines)

   rF:        It renders you almost immune to fire.
   rC:        It protects you from cold.
   Contam:    It causes magical contamination when unequipped.
   Drain:     It drains your maximum health when unequipped.
 z - a scarf of repulsion (worn)
 K - +3 acid dragon scales (worn)
 M - a +2 cloak of cold resistance
 U - a +1 tower shield of cold resistance (worn)
Jewellery
 c - the ring "Wulagaas" (right claw) {rPois rF+++ EV+5 Dex-2 Stlth+}
   (You took it off a minotaur in a Gauntlet)

   [ring of evasion]

   EV:        It affects your evasion (+5).
   Dex:       It affects your dexterity (-2).
   rF:        It renders you almost immune to fire.
   rPois:     It protects you from poison.
   Stlth:     It makes you more stealthy.
 e - a ring of positive energy
 h - an amulet of guardian spirit
 q - a +4 ring of protection
 D - the ring "Ythripsue" (left claw) {+Blink rPois Will+ EV+5 Stlth+}
   (You found it in a Gauntlet)

   [ring of evasion]

   EV:        It affects your evasion (+5).
   rPois:     It protects you from poison.
   +Blink:    It lets you blink.
   Will:      It increases your willpower.
   Stlth:     It makes you more stealthy.
 J - an amulet of reflection (around neck)
 L - the ring "Noguamp" {rPois Will+ Dex+3 SInv}
   (You found it on level 11 of the Dungeon)

   [ring of poison resistance]

   Dex:       It affects your dexterity (+3).
   rPois:     It protects you from poison.
   SInv:      It lets you see invisible.
   Will:      It increases your willpower.
 S - a ring of resist corrosion
 T - a ring of ice
Wands
 a - a wand of light (8)
 p - a wand of paralysis (6)
 x - a wand of mindburst (10)
 A - a wand of roots (40)
 F - a wand of polymorph (7)
 G - a wand of flame (53)
 Q - a wand of digging (6)
Scrolls
 b - 18 scrolls of identify
 f - a scroll of silence
 g - 3 scrolls of teleportation
 i - 2 scrolls of poison
 r - a scroll of fear
 B - 3 scrolls of blinking
 H - a scroll of amnesia
 I - 3 scrolls of fog
Potions
 j - 4 potions of flight
 k - 11 potions of curing
 t - 4 potions of mutation
 u - 2 potions of brilliance
 w - 3 potions of invisibility
 C - a potion of lignification


   Skills:
 + Level 10.7 Fighting
 + Level 14.6 Maces & Flails
 + Level 12.2 Dodging
 + Level 18.4 Shields
 * Level 10.3 Invocations


You had 16 spell levels left.
You didn't know any spells.
Your spell library contained the following spells:

 Spells                   Type           Power      Damage    Failure   Level
 Foxfire                  Conj/Fire      0%         2x1d4     82%         1
 Blink                    Tloc           0%         N/A       91%         2
 Ensorcelled Hibernation  Hex/Ice        0%         N/A       91%         2
 Lesser Beckoning         Tloc           0%         N/A       91%         2
 Momentum Strike          Conj/Tloc      0%         3d8       91%         2
 Passwall                 Tmut/Erth      0%         N/A       91%         2
 Poisonous Vapours        Pois/Air       0%         N/A       91%         2
 Dazzling Flash           Conj/Hex       0%         N/A       99%         3
 Gell's Gravitas          Tloc           0%         N/A       99%         3
 Ignite Poison            Fire/Tmut/Pois 0%         N/A       99%         3
 Mephitic Cloud           Conj/Pois/Air  0%         N/A       99%         3
 Ozocubu's Armour         Ice            0%         N/A       99%         3
 Swiftness                Air            0%         N/A       99%         3
 Teleport Other           Tloc           0%         N/A       99%         3
 Anguish                  Hex/Necr       0%         N/A       100%        4
 Cause Fear               Hex            0%         N/A       100%        4
 Manifold Assault         Tloc           0%         N/A       100%        4
 Sticky Flame             Conj/Fire      0%         2d3       100%        4
 Agony                    Necr           0%         N/A       100%        5
 Blade Hands              Tmut           0%         N/A       100%        5
 Fireball                 Conj/Fire      0%         3d3       100%        5
 Freezing Cloud           Conj/Ice/Air   0%         6-21      100%        5
 Irradiate                Conj/Tmut      0%         3d11      100%        5
 Silence                  Hex/Air        0%         N/A       100%        5
 Plasma Beam              Fire/Air       0%         2x1d11    100%        6
 Starburst                Conj/Fire      0%         6d3       100%        6
 Dragon Form              Tmut           0%         N/A       100%        7
 Enfeeble                 Hex            0%         N/A       100%        7
 Ozocubu's Refrigeration  Ice            0%         4d7       100%        7
 Storm Form               Tmut/Air       0%         N/A       100%        7
 Ignition                 Fire           0%         3d3       100%        8


Dungeon Overview and Level Annotations

Branches:
Dungeon (15/15)            Temple (1/1) D:5            Lair (5/5) D:10
 Shoals (0/4) Lair:2        Snake (0/4) Lair:3        Slime (0/5) Lair:4
    Orc (2/2) D:10            Elf (3/3) Orc:2        Vaults (0/5) D:13
 Depths (0/4) D:15          IceCv (visited)         Gauntlet (visited)

Altars:
Ashenzari
Cheibriados
Dithmenos
Elyvilon
Fedhas
Gozag
Hepliaklqana
Kikubaaqudgha
Makhleb
Nemelex Xobeh
Okawaru
Qazlal
Ru
Sif Muna
Trog
Uskayaw
Vehumet
Wu Jian
Xom
Yredelemnul
Zin
The Shining One
Jiyva

Shops:
D:3 *   D:4 :   D:9 *(   D:14 ?   Orc:2 =(?(   Elf:3 [

Portals:
Hell: Lair:5

Annotations:
Lair:1 exclusion: oklob plant
Lair:4 1 runed translucent door
Elf:1 3 runed translucent doors, Yakesh's ghost, adept MiFi


Innate Abilities, Weirdness & Mutations

You are too large for most types of armour.
You have claws for hands.
Your natural rate of healing is unusually fast.
You are covered in fur. (AC +1)
You have tough skin. (AC +1)
You have a somewhat thin skeletal structure. (Dex +2, Stealth+)
You are strong-willed. (Will+)
You passively map a small area around you.


Message History

The deep elf annihilator is engulfed in freezing vapours.
You block the deep elf annihilator's attack. x2
The deep elf high priest is engulfed in blazing flames.
The deep elf high priest calls down the wrath of its god upon you.
Something smites you!
* * * LOW HITPOINT WARNING * * *
The +0 short sword of speed hits you but does no damage.
You barely miss the deep elf annihilator.
The +0 short sword of speed is engulfed in blazing flames.
You block the +0 short sword of speed's attack.
The +0 short sword of speed is engulfed in blazing flames.
You block the +0 short sword of speed's attack.
The deep elf annihilator is engulfed in freezing vapours.
The deep elf annihilator misses you. x2
You block the +0 short sword of speed's attack.
You barely miss the deep elf annihilator.
The +0 short sword of speed is engulfed in blazing flames.
The +0 short sword of speed misses you.
The +0 short sword of speed is engulfed in blazing flames.
You block the +0 short sword of speed's attack.
The deep elf sorcerer is engulfed in blazing flames.
The +0 short sword of speed is engulfed in blazing flames.
You block the +0 short sword of speed's attack.
The deep elf annihilator is engulfed in freezing vapours.
You block the deep elf annihilator's attack.
The deep elf annihilator hits you with a +0 short sword.
* * * LOW HITPOINT WARNING * * *
The +0 short sword of speed is engulfed in blazing flames.
The +0 short sword of speed hits you but does no damage.
The +0 short sword of speed attacks as you move away!
You block the +0 short sword of speed's attack.
The +0 short sword of speed is engulfed in blazing flames.
The deep elf annihilator gestures at you while chanting.
The bolt of lightning hits the +0 short sword of speed.
The +0 short sword of speed completely resists.
The bolt of lightning hits you!!
* * * LOW HITPOINT WARNING * * *
The deep elf high priest mumbles some strange prayers to its god against you.
Something smites you!
You die...

........................
........................
*
################.#######
#.# #.# #.# #)# #)# *
#@# *, *#(# , #eeeĀ°e#*
,, *#...eeee4.# * ,
.......ee2..... ,
..............., ,
............... , * ,,
,.......#.....[. , ,
......###......


You could see a cacodemon (summoned), 2 deep elf annihilators, a deep elf
sorcerer (fast), a deep elf demonologist, a deep elf archer (repels missiles), 2
deep elf high priests, a deep elf zephyrmancer and a +0 short sword of speed.

Vanquished Creatures
  2 deep elf blademasters
  3 deep elf master archers (Elf:3)
  5 deep elf sorcerers (Elf:3)
  An orc warlord (Orc:2)
  A caustic shrike skeleton (D:15)
  Azrael (Orc:2)
  A minotaur (Gauntlet)
  A deep elf annihilator (Elf:3)
  A deep elf demonologist (Elf:1)
  Snorg (D:11)
  6 deep elf death magi
  A deep elf high priest (Elf:1)
  Josephine (Lair:5)
  Harold (Lair:1)
  7 hydras
  8 centaur warriors
  4 ogre magi
  26 dancing weapons
  4 boulder beetles
  10 two-headed ogres (Orc:2)
  5 death yaks
  Urug (D:12)
  A titan zombie (D:15)
  A sun demon (Lair:5)
  29 deep elf knights
  An orc high priest (Elf:3)
  A wretched star (Gauntlet)
  Nergalle (Lair:2)
  Amaemon (Lair:1)
  7 skeletal warriors
  A spark wasp zombie (D:15)
  15 deep elf archers
  2 wizards
  An orb spider (shapeshifter) (D:15)
  A shadow dragon zombie (D:15)
  2 bog bodies (IceCv)
  A lindwurm (Lair:1)
  A phantasmal warrior (D:15)
  3 necromancers
  3 orc knights
  A wolf spider (D:15)
  37 deep elf pyromancers
  38 deep elf zephyrmancers
  8 cyclopes
  3 orc sorcerers
  3 manticores
  6 ugly things
  A wolf spider (shapeshifter) (D:15)
  A merfolk siren (Lair:2)
  An ice statue (IceCv)
  6 slime creatures
  12 elephants
  Maurice (D:12)
  A torpor snail (Lair:3)
  2 black mambas (Lair:1)
  10 cane toads
  A gargoyle (D:12)
  2 orange demons
  4 centaur skeletons (D:13)
  A smoke demon (Lair:5)
  10 rime drakes
  An unseen horror (D:12)
  Maggie (Lair:1)
  11 komodo dragons
  A guardian mummy (D:15)
  3 yaktaurs (D:13)
  A tengu conjurer (D:14)
  2 ice devils (Lair:4)
  3 meliai (D:14)
  3 red devils (Lair:5)
  A tarantella (shapeshifter) (D:15)
  5 trolls
  2 polar bears
  The ghost of dvd2 the Vexing, an amateur GnHs of Gozag (D:4)
  A blink frog (shapeshifter) (D:13)
  4 dream sheep
  2 blink frogs (Lair:1)
  2 centaur simulacra
  An air elemental (Elf:2)
  3 shadows
  2 dire elephant simulacra (IceCv)
  8 wyverns
  5 wraiths
  3 water elementals
  37 yaks
  3 basilisks
  5 fire elementals
  2 death yak simulacra (IceCv)
  A steam dragon (D:7)
  8 vampire mosquitoes
  Menkaure (D:7)
  A harpy simulacrum (IceCv)
  3 wargs
  A naga (Lair:3)
  A two-headed ogre zombie (D:10)
  4 acid dragons
  5 hell hounds
  2 hydra simulacra (IceCv)
  16 water moccasins
  2 floating eyes (D:15)
  21 orc warriors
  A small abomination (Gauntlet)
  2 ice beasts
  4 sky beasts
  3 black bears
  3 boggarts (D:15)
  22 ogres
  24 wolves
  4 centaurs (D:14)
  3 phantoms
  A kobold brigand (D:9)
  14 bullfrogs
  4 earth elementals
  2 cane toad simulacra (IceCv)
  4 scorpions
  8 two-headed ogre simulacra (IceCv)
  4 wights (D:8)
  2 elephant simulacra (IceCv)
  A troll zombie (D:10)
  13 killer bees
  2 vampire bats (Lair:3)
  5 howler monkeys
  2 jellies (D:7)
  A gnoll bouda (D:8)
  6 orc priests
  4 hounds
  2 sleepcaps
  Jessica (D:2)
  3 iguanas
  12 orc wizards
  2 troll simulacra (IceCv)
  8 spriggan simulacra (IceCv)
  5 polar bear simulacra (IceCv)
  A wolf simulacrum (IceCv)
  6 ogre zombies (D:10)
  9 gnolls
  4 adders
  7 naga simulacra (IceCv)
  A shadow imp (D:5)
  5 white imps
  10 ufetubi
  2 dart slugs
  56 orcs
  8 endoplasms
  5 giant cockroaches
  7 goblins
  11 hobgoblins
  4 jackals (D:3)
  3 quokkas
  3 ball pythons
  10 bats
  A frilled lizard (D:1)
  2 goblin skeletons (D:10)
  A goblin zombie (D:10)
  5 hobgoblin zombies (D:10)
  14 kobolds
  3 orc skeletons (D:10)
  14 orc zombies (D:10)
  7 rats
  3 butterflies (Lair:4)
865 creatures vanquished.

Vanquished Creatures (collateral kills)
  An ogre mage (Orc:2)
  A dancing weapon (Elf:2)
  A deep elf zephyrmancer (Elf:2)
  An ice devil (Lair:5)
  3 ogres (Orc:2)
7 creatures vanquished.

Vanquished Creatures (others)
  A deep elf knight (Elf:2)
  2 deep elf archers
  Pikel (D:7)
  3 deep elf pyromancers
  A water elemental (Elf:3)
  2 orc warriors
  An orc wizard (D:13)
11 creatures vanquished.

Grand Total: 883 creatures vanquished

Notes
Turn   | Place    | Note
-------+----------+-------------------------------------------
     0 | D:1      | Jarnaxa the Troll Fighter began the quest for the Orb.
     0 | D:1      | Reached XP level 1. HP: 22/22 MP: 0/0
   180 | D:1      | Reached XP level 2. HP: 29/29 MP: 1/1
   730 | D:2      | Noticed Jessica
   739 | D:2      | Killed Jessica
   740 | D:2      | Reached skill level 3 in Shields
   740 | D:2      | Reached XP level 3. HP: 27/36 MP: 0/2
  1546 | D:3      | Reached XP level 4. HP: 44/44 MP: 3/3
  1563 | D:3      | Found an iron altar of Okawaru.
  1634 | D:3      | Reached XP level 5. HP: 19/53 MP: 0/4
  1725 | D:3      | Found Wacu's General Store.
  2426 | D:4      | Found a runed translucent door.
  2428 | D:4      | Noticed dvd2's ghost (amateur GnHs)
  2468 | D:4      | Reached XP level 6. HP: 8/61 MP: 0/5
  2698 | D:4      | Found Qofo's Book Shop.
  2702 | D:4      | Reached skill level 4 in Shields
  2890 | D:4      | Killed dvd2's ghost
  2891 | D:4      | Reached skill level 5 in Maces & Flails
  2891 | D:4      | Reached XP level 7. HP: 44/68 MP: 3/6
  2910 | D:5      | Entered Level 5 of the Dungeon
  2975 | D:5      | Found a shadowy altar of Dithmenos.
  3140 | D:5      | Found a glowing golden altar of the Shining One.
  3159 | D:5      | Found a staircase to the Ecumenical Temple.
  3173 | Temple   | Entered the Ecumenical Temple
  3305 | Temple   | Became a worshipper of Qazlal Stormbringer
  3373 | D:5      | Reached XP level 8. HP: 78/78 MP: 7/7
  3586 | D:5      | Found a blossoming altar of Fedhas.
  3739 | D:6      | Reached skill level 5 in Shields
  4128 | D:7      | Found a radiant altar of Vehumet.
  4232 | D:7      | Noticed Pikel
  4247 | D:7      | Reached XP level 9. HP: 53/85 MP: 4/8
  4250 | D:7      | Killed Pikel
  4251 | D:7      | Reached skill level 5 in Dodging
  4251 | D:7      | Reached skill level 6 in Shields
  4392 | D:7      | Reached * piety under Qazlal
  4393 | D:7      | Reached skill level 5 in Fighting
  4673 | D:7      | Noticed Menkaure
  4678 | D:7      | Killed Menkaure
  5006 | D:7      | Noticed a troll
  5051 | D:7      | Killed a troll
  5052 | D:7      | Reached skill level 7 in Shields
  5195 | D:8      | Reached XP level 10. HP: 56/95 MP: 4/9
  6118 | D:9      | Reached ** piety under Qazlal
  6171 | D:9      | Found Vocug's Weapon Emporium.
  6195 | D:9      | Found Legeec's Neck Hole.
  6221 | D:9      | Reached skill level 8 in Shields
  6253 | D:9      | Bought a scarf of repulsion for 180 gold pieces
  6566 | D:10     | Entered Level 10 of the Dungeon
  6813 | D:10     | Found a staircase to the Lair.
  7027 | D:10     | Found a staircase to the Orcish Mines.
  7057 | D:10     | Reached *** piety under Qazlal
  7083 | D:10     | Reached XP level 11. HP: 105/105 MP: 10/10
  7212 | D:10     | Reached skill level 10 in Maces & Flails
  7233 | D:10     | Reached skill level 9 in Shields
  7355 | D:10     | Found a shimmering altar of Xom.
  7573 | Lair:1   | Entered Level 1 of the Lair of Beasts
  7698 | Lair:1   | Reached **** piety under Qazlal
  7772 | Lair:1   | Noticed Harold
  7794 | Lair:1   | Killed Harold
  7848 | Lair:1   | Noticed an oklob plant
  7929 | Lair:1   | Noticed Amaemon
  7942 | Lair:1   | Killed Amaemon
  8169 | Lair:1   | Reached skill level 10 in Shields
  8391 | Lair:1   | Noticed a lindwurm
  8403 | Lair:1   | Killed a lindwurm
  8404 | Lair:1   | Reached XP level 12. HP: 84/115 MP: 7/11
  8461 | Lair:1   | Noticed a death yak
  8461 | Lair:1   | Noticed a death yak
  8463 | Lair:1   | Noticed a death yak
  8480 | Lair:1   | Noticed Maggie
  8489 | Lair:1   | Noticed a death yak
  8495 | Lair:1   | Killed a death yak
  8509 | Lair:1   | Killed a death yak
  8512 | Lair:1   | Killed Maggie
  8514 | Lair:1   | Killed a death yak
  8528 | Lair:1   | Killed a death yak
  8720 | Lair:2   | Noticed a boulder beetle
  9039 | Lair:2   | Killed a boulder beetle
  9040 | Lair:2   | Reached skill level 11 in Shields
  9144 | Lair:2   | Found a staircase to the Shoals.
  9399 | Lair:2   | Noticed Nergalle
  9416 | Lair:2   | Killed Nergalle
 10292 | Lair:3   | Reached XP level 13. HP: 126/126 MP: 12/12
 10333 | Lair:3   | Found a staircase to the Snake Pit.
 10399 | Lair:3   | Reached ***** piety under Qazlal
 11101 | Orc:1    | Entered Level 1 of the Orcish Mines
 11150 | Orc:1    | Reached skill level 12 in Shields
 11484 | Orc:2    | Entered Level 2 of the Orcish Mines
 11509 | Orc:2    | Noticed an orc warlord
 11642 | Orc:2    | Noticed Azrael
 11670 | D:11     | Noticed Snorg
 11680 | D:11     | Killed Snorg
 11692 | D:11     | Reached skill level 1 in Invocations
 12034 | D:11     | Identified the ring "Noguamp" {rPois Will+ Dex+3 SInv}
 12383 | D:12     | Found a shimmering blue altar of Sif Muna.
 12582 | D:12     | Noticed Urug
 12595 | D:12     | Killed Urug
 12767 | D:12     | Noticed Maurice
 12767 | D:12     | Paralysed by Maurice for 2 turns
 12772 | D:12     | Killed Maurice
 13385 | D:13     | Reached skill level 13 in Shields
 13406 | D:13     | Reached XP level 14. HP: 86/137 MP: 15/15
 13508 | D:13     | Found a gate to the Vaults.
 14019 | D:14     | HP: 5/137 [meliai/divine providence (16)]
 14025 | D:14     | HP: 2/137 [meliai/+0 hand axe (15)]
 14059 | D:14     | Reached ****** piety under Qazlal
 14380 | D:14     | Found a broken altar of Ashenzari.
 14416 | D:14     | Found Sutes's Magic Scroll Boutique.
 14634 | D:14     | Reached skill level 10 in Dodging
 15285 | D:15     | Entered Level 15 of the Dungeon
 15356 | D:15     | Reached skill level 5 in Invocations
 15550 | D:14     | Gained mutation: You are frail. (-10% HP) [potion of
                  | mutation]
 15550 | D:14     | Gained mutation: You are covered in thick fur. (AC +2)
                  | [potion of mutation]
 15550 | D:14     | Gained mutation: You have a somewhat thin skeletal
                  | structure. (Dex +2, Stealth+) [potion of mutation]
 15551 | D:14     | Lost mutation: You are frail. (-10% HP) [potion of
                  | mutation]
 15551 | D:14     | Lost mutation: You are covered in thick fur. (AC +2)
                  | [potion of mutation]
 15551 | D:14     | Gained mutation: You are strong-willed. (Will+) [potion of
                  | mutation]
 15551 | D:14     | Gained mutation: You passively map a small area around you.
                  | [potion of mutation]
 15568 | D:15     | Reached skill level 14 in Shields
 15573 | D:15     | Paralysed by a floating eye for 4 turns
 15581 | D:15     | Paralysed by a floating eye for 3 turns
 16099 | D:15     | Found a staircase to the Depths.
 17016 | Lair:4   | Reached XP level 15. HP: 146/146 MP: 18/18
 17031 | Lair:4   | Found a frozen archway.
 17060 | IceCv    | Entered an ice cave
 18070 | Lair:4   | Found a runed translucent door.
 18071 | Lair:4   | Noticed an azure jelly
 18071 | Lair:4   | Noticed an azure jelly
 18072 | Lair:4   | Found a staircase to the Slime Pits.
 18429 | Lair:5   | Entered Level 5 of the Lair of Beasts
 18559 | Lair:5   | Found a burning altar of Makhleb.
 18581 | Lair:5   | Reached skill level 15 in Shields
 18724 | Lair:5   | Found a gateway to Hell.
 18759 | Lair:5   | Found a gate leading to a gauntlet.
 18786 | Gauntlet | Entered a Gauntlet
 18786 | Gauntlet | Found a transporter.
 18786 | Gauntlet | Found a transporter.
 18786 | Gauntlet | Found a transporter.
 18787 | Gauntlet | Found a transporter.
 18788 | Gauntlet | Found a transporter.
 18791 | Gauntlet | Found a transporter.
 18797 | Gauntlet | Found a transporter.
 18799 | Gauntlet | Found a transporter.
 18800 | Gauntlet | Found a transporter.
 18803 | Gauntlet | Found a transporter.
 18813 | Gauntlet | Found a transporter.
 18815 | Gauntlet | Found a transporter.
 19003 | Gauntlet | Identified the +1 robe "Fiecocw" {Int+3 SInv}
 19084 | Gauntlet | Identified the +5 shortbow "Buaby" {elec, rF+ Str+3 Dex-5
                  | SInv}
 19084 | Gauntlet | Identified the +9 plate armour of Dishonour {Str+6}
 19084 | Gauntlet | Identified the ring "Wulagaas" {rPois rF+++ EV+5 Dex-2
                  | Stlth+}
 19108 | Gauntlet | Identified the ring "Ythripsue" {+Blink rPois Will+ EV+5
                  | Stlth+}
 19894 | Lair:5   | Noticed Josephine
 19899 | Lair:5   | Killed Josephine
 20379 | Orc:2    | Killed Azrael
 20811 | Orc:2    | Found a staircase to the Elven Halls.
 20834 | Orc:2    | Found Huedwu Woudo's Antique Weapon Boutique.
 20834 | Orc:2    | Found Osmudifadd's Jewellery Shoppe.
 20835 | Orc:2    | Found Xegona's Weapon Emporium.
 20835 | Orc:2    | Found Xosh's Magic Scroll Boutique.
 20842 | Orc:2    | Bought a glimmering mace for 200 gold pieces
 20842 | Orc:2    | Identified the +4 mace of Due Proportion {antimagic, rC++}
                  | (You bought it in a shop on level 2 of the Orcish Mines)
 20844 | Orc:2    | Bought a scroll of acquirement for 832 gold pieces
 21129 | Orc:2    | Acquired the +0 hat "Boipsuf" {Contam Drain rF+++ rC+}
 21244 | Elf:1    | Entered Level 1 of the Elven Halls
 21261 | Elf:1    | Reached XP level 16. HP: 157/157 MP: 20/20
 21278 | Elf:1    | Noticed an Executioner
 21303 | Elf:1    | Reached skill level 16 in Shields
 21886 | Elf:1    | Identified the +3 halberd of the Establishment {flame, rC+
                  | rN+}
 21886 | Elf:1    | Identified the ring of Isytoco {Will+ Dex+3}
 22213 | Elf:1    | Reached skill level 10 in Fighting
 22295 | Elf:1    | Found a runed translucent gate.
 22295 | Elf:1    | Found a runed translucent gate.
 22296 | Elf:1    | Noticed Yakesh's ghost (adept MiFi)
 22298 | Elf:1    | Found a runed translucent gate.
 22299 | Elf:1    | Noticed an acid blob
 22305 | Elf:1    | Found a viscous altar of Jiyva.
 22327 | Elf:2    | Paralysed by an air elemental for 1 turns
 22329 | Elf:2    | Paralysed by an air elemental for 1 turns
 22626 | Elf:2    | Found a runed translucent gate.
 22627 | Elf:2    | Found a runed translucent gate.
 22631 | Elf:2    | Found a runed translucent gate.
 22653 | Elf:2    | Reached skill level 17 in Shields
 23086 | Elf:2    | Noticed a deep elf blademaster
 23101 | Elf:2    | Killed a deep elf blademaster
 23111 | Elf:2    | Reached XP level 17. HP: 69/167 MP: 16/22
 23713 | Elf:3    | Entered Level 3 of the Elven Halls
 24072 | Elf:3    | Reached skill level 18 in Shields
 24098 | Elf:3    | Reached skill level 10 in Invocations
 24098 | Elf:3    | Found Kuatezaer's Armour Shop.
 24559 | Elf:3    | Identified the +10 spear of Raipuna {heavy, rPois rC- rN+
                  | Int+5}
 24560 | Elf:3    | Noticed a deep elf master archer
 24567 | Elf:3    | Noticed a deep elf blademaster
 24569 | Elf:3    | Noticed a deep elf master archer
 24569 | Elf:3    | Noticed a deep elf master archer
 24589 | Elf:3    | Killed a deep elf blademaster
 24590 | Elf:3    | Killed a deep elf master archer
 24594 | Elf:3    | Killed a deep elf master archer
 24597 | Elf:3    | Killed a deep elf master archer
 24618 | Elf:3    | Lost intelligence.
 24627 | Elf:3    | HP: 5/167 [deep elf annihilator/bolt of lightning (25)]
 24627 | Elf:3    | Killed from afar by a deep elf high priest

Illustrated notes

Levels and vault maps discovered:
D:1:      psy_arrival_conway, layout_loops_ring, kennysheep_another_room
D:2:      layout_loops_corners, uniq_jessica
D:3:      minmay_chambers_of_twos, layout_rooms,
          mainiacjoe_overflow_surrounded_room, serial_shops, shop,
          grunt_ministairs_3
D:4:      layout_basic, serial_shops, shop_fountains,
          ebering_ghost_reflecting_pool, minmay_misc_feat_chi
D:5:      layout_basic, fedhas_altar_fruit_tree,
          nicolae_dithmenos_shadow_blocks, lemuel_tele_altar,
          minmay_temple_entry_large_hall
D:6:      layout_cave_pools, chequers_arboretum
D:7:      layout_basic, nicolae_vehumet_radiance, grunt_ministairs_3,
          corexii_hall_statues_deadend, kennysheep_cluttered_room,
          minmay_misc_feat_enclosed, grunt_decor_cap, eino_jars, uniq_menkaure,
          uniq_pikel
D:8:      layout_rooms
D:9:      layout_basic, serial_shops, nicolae_shop_bloodbath_and_beyond,
          nicolae_shop_sticking_my_neck_out
D:10:     layout_rooms, mainiacjoe_overflow_alcove_2, erik_lair_dragon,
          zombieorc2_lemuel, dk_noncrumbling_3, dk_noncrumbling_4
D:11:     layout_long_grid, uniq_snorg
D:12:     layout_roguey [special_room_orc], nicolae_sif_muna_condensation,
          uniq_urug, uniq_maurice
D:13:     layout_roguey, hangedman_vaults_entry_quadrant_bands
D:14:     layout_basic, serial_shops, shop, nicolae_ashenzari_skybound
D:15:     gammafunk_depths_entry_grave, layout_irregular_city, minivault_25,
          onia_ninara_cookie
Temple:   kb_temple_of_zot
Lair:1:   layout_hall_layers, minmay_lair_oklob_bushes, minmay_shattered_shrine,
          lemuel_fruit_tree, uniq_amaemon, uniq_maggie, uniq_harold
Lair:2:   layout_loops_ring, minmay_shoals_entry_lonely_mermaid,
          grunt_megastairs_4, serial_bayou_shore_b, uniq_nergalle
Lair:3:   layout_long_grid, guppyfry_snake_entry_garden, roderic_batcave,
          beast_lair_carwin_9
Lair:4:   layout_regular_city, slime_entry_2, portal_ice_cave_demonic_guard,
          grunt_megastairs_1, lemuel_fruit_fields
Lair:5:   evil_forest, layout_cave_pods, gauntlet_entry_generic, uniq_josephine
Orc:1:    layout_caves
Orc:2:    st_orc_ogre_mass, layout_diamond_mine, basic_altar, uniq_azrael
Elf:1:    minmay_elf_arrival_summoners, layout_geoelf_diagonals,
          gammafunk_ghost_ooze, kennysheep_underground_church
Elf:2:    elven_hall_of_blades_hangedman_original
          [nicolae_blade_entry_floor_patterns], layout_rooms, kb_rosetta,
          lemuel_elevator
Elf:3:    minmay_elf_hall, layout_onion_city, serial_shops, shop

Skill      XL: |  1  2  3  4  5  6  7  8  9 10 11 12 13 14 15 16 17 |
---------------+----------------------------------------------------+-----
Maces & Flails | 2 3 5 7 8 9 11 12 13 14 | 14.6
Shields        | 3 4 5 7 8 10 11 13 14 15 17 18 | 18.4
Fighting       | 3 4 5 6 7 8 9 10 | 10.7
Dodging        | 3 4 6 7 8 9 10 11 12 | 12.2
Invocations    | 3 6 7 9 10 | 10.3

Action                     |  1- 3 |  4- 6 |  7- 9 | 10-12 | 13-15 | 16-18 || total
---------------------------+-------+-------+-------+-------+-------+-------++-------
  Melee: Flail             |    92 |   194 |   332 |   467 |   826 |   601 ||  2512
         Demon whip        |       |       |       |   322 |   327 |       ||   649
 Invoke: Upheaval          |       |       |       |       |     1 |     2 ||     3
         Elemental Force   |       |       |       |       |     2 |     1 ||     3
         Disaster Area     |       |       |       |       |     1 |       ||     1
    Use: Scroll            |     1 |     5 |    11 |     7 |    17 |     6 ||    47
         Potion            |       |     1 |     2 |     1 |    15 |     8 ||    27
   Stab: Distracted        |       |       |       |       |       |     1 ||     1
 Armour: Robe              |    30 |    57 |    72 |       |       |       ||   159
         Steam dragon scal |       |       |    70 |   181 |    14 |       ||   265
         Acid dragon scale |       |       |       |       |   164 |    99 ||   263
  Dodge: Dodged            |    47 |    89 |   263 |   361 |   456 |   268 ||  1484
         Repelled          |       |       |       |     3 |    12 |    21 ||    36
  Block: Kite shield       |    44 |    96 |   273 |   644 |  1021 |       ||  2078
         Reflection        |       |       |       |       |    59 |    90 ||   149
         Tower shield      |       |       |       |       |   592 |   953 ||  1545
